[Event "*** Titled Tuesday Blitz"]
[Site "Chess.com"]
[Date "2020.05.12"]
[Round "8"]
[White "beto-betun"]
[Black "annamaja"]
[Result "1-0"]
[WhiteElo "2140"]
[BlackElo "2282"]
[TimeControl "180+1"]
[EndTime "11:32:25 PDT"]
[Termination "beto-betun won on time"]

1. d4 Nf6 2. c4 e6 3. Nf3 d5 4. g3 Bb4+ 5. Nbd2 dxc4 6. a3 Bxd2+ 7. Bxd2 b5 8. Bg2 Bb7 9. O-O O-O 10. a4 a6 11. b3 cxb3 12. Qxb3 Bd5 13. Qb2 c6 14. axb5 cxb5 15. Ba5 Qc8 16. Rfc1 Bc4 17. Ne5 Ra7 18. Nxc4 bxc4 19. Qc3 Nd5 20. Qxc4 Qd7 21. e4 Nf6 22. d5 exd5 23. exd5 h6 24. h4 Re8 25. Qd3 Re5 26. d6 Rb5 27. Rc2 Qe6 28. Rc7 Rxc7 29. dxc7 Nc6 30. Bxc6 Qxc6 31. Qd8+ Kh7 32.
c8=Q 1-0

[Event "*** Titled Tuesday Blitz"]
[Site "Chess.com"]
[Date "2020.05.12"]
[Round "8"]
[White "BogdanBelyakov89"]
[Black "GukeshDommaraju"]
[Result "1-0"]
[WhiteElo "2586"]
[BlackElo "2727"]
[TimeControl "180+1"]
[EndTime "11:32:26 PDT"]
[Termination "BogdanBelyakov89 won on time"]

1. e4 c5 2. c3 Nf6 3. e5 Nd5 4. Nf3 Nc6 5. d4 cxd4 6. cxd4 e6 7.
Bc4 d6 8. O-O Be7 9. Qe2 O-O 10.
Bd2 Bd7 11. Nc3 Nxc3 12. Bxc3 d5 13. Bd3 Rc8 14. a3 Qb6 15. h4 h6 16. Rfe1 Na5 17.
Rad1 Nc4 18. Ng5 Nxa3 19. Qh5 Be8 20. Qg4 hxg5 21. hxg5 Bb5 22. Re3 Bxd3 23. Rdxd3 g6 24. Qh4 f5 25. gxf6 Rf7 26. Rg3 Rg7 27. Qh6 Rh7 28.
Qxg6+ Kh8 29. Rh3 1-0

[Event "*** Titled Tuesday Blitz"]
[Site "Chess.com"]
[Date "2020.05.12"]
[Round "8"]
[White "Reader777"]
[Black "PhileKhoob"]
[Result "1-0"]
[WhiteElo "2599"]
[BlackElo "2447"]
[TimeControl "180+1"]
[EndTime "11:32:28 PDT"]
[Termination "Reader777 won by resignation"]

1. d4 Nf6 2. c4 g6 3. g3 Bg7 4. Bg2 d5 5. cxd5 Nxd5 6. e4 Nb6 7. Ne2 c5 8. d5 e6 9. O-O O-O 10. Nbc3 Na6 11. Nf4 e5 12. Nfe2 Nc4 13. b3 Nd6 14. Be3 f5 15. f3 f4 16. Bf2 g5 17. g4 Bd7 18. Nc1 b5 19. Nd3 Rc8 20. Rc1 c4 21. bxc4 bxc4 22. Nb2 Qa5 23. Qd2 Nc5 24. Rfd1 Rb8 25. Bf1 Rb4 26. a3 Qxa3 27. Bxc5 Qxb2 28.
Qxb2 Rxb2 29. Bxd6 Rc8 30. Rb1 Rc2 31. Rdc1 Rd2 32.
Rb7 Be8 33. Rxa7 h5 34. h3 hxg4 35. hxg4 Bf8 36. Bxf8 Kxf8 37. Ra2 Rd4 38. Ne2 Rd3 39. Kf2 Rb3 40. Nc3 Rcb8 41. Rd2 Ke7 42. Bxc4 Rb2 43.
d6+ Kd8 44. Rd1 Bc6 45. Bd5 1-0

[Event "*** Titled Tuesday Blitz"]
[Site "Chess.com"]
[Date "2020.05.12"]
[Round "8"]
[White "CaspiIsrael"]
[Black "BocharovD"]
[Result "1-0"]
[WhiteElo "2649"]
[BlackElo "2832"]
[TimeControl "180+1"]
[EndTime "11:32:29 PDT"]
[Termination "CaspiIsrael won on time"]

1. e4 c5 2. Nf3 d6 3. d4 cxd4 4. Nxd4 Nf6 5. Nc3 a6 6. f3 Nbd7 7. Be3 h5 8. Qd2 e6 9. O-O-O b5 10. Kb1 Bb7 11. Bd3 b4 12. Nce2 d5 13. exd5 Nxd5 14.
Nf4 Nxf4 15. Bxf4 Nc5 16. Qxb4 Be7 17. Nf5 exf5 18. Bxf5 Bd5 19. Qd4 Bxa2+ 20. Kxa2 Qa5+ 21. Kb1 O-O 22. b4 Qb5 23. Bd2 Rfd8 24. Qb2 Bf6 25. c3 1-0

[Event "*** Titled Tuesday Blitz"]
[Site "Chess.com"]
[Date "2020.05.12"]
[Round "8"]
[White "babyking1205"]
[Black "GMHess"]
[Result "0-1"]
[WhiteElo "2479"]
[BlackElo "2794"]
[TimeControl "180+1"]
[EndTime "11:32:29 PDT"]
[Termination "GMHess won by checkmate"]

1. e4 c5 2. Nf3 d6 3. d4 cxd4 4. Nxd4 Nf6 5. Nc3 a6 6. Be3 g6 7. f3 b5 8. Qd2 Bb7 9. O-O-O Nbd7 10. g4 Rc8 11. h4 Ne5 12. h5 gxh5 13. g5 Nxf3 14.
Nxf3 Nxe4 15. Qd4 Nxc3 16. bxc3 Bxf3 17. g6 e5 18. gxf7+ Kxf7 19. Qa7+ Qc7 20. Qxa6 Qxc3 21. Bd3 Qa1+ 22. Kd2 Qc3+ 23. Kc1 d5 24. Rdf1 Ba3+ 25. Qxa3 Qxa3+ 26. Kd2 Qc3+ 27. Kc1 e4 28. Bd2 Qa1# 0-1

[Event "*** Titled Tuesday Blitz"]
[Site "Chess.com"]
[Date "2020.05.12"]
[Round "8"]
[White "Richarzard69"]
[Black "WhiteCapital80"]
[Result "0-1"]
[WhiteElo "2282"]
[BlackElo "2456"]
[TimeControl "180+1"]
[EndTime "11:32:30 PDT"]
[Termination "WhiteCapital80 won on time"]

1. Nf3 d5 2. c4 e6 3. d4 Nf6 4. g3 Be7 5. Bg2 O-O 6. O-O dxc4 7.
Qc2 a6 8. Qxc4 b5 9. Qc2 Bb7 10.
Bd2 Nc6 11. e3 Nb4 12. Bxb4 Bxb4 13. Nbd2 c5 14. dxc5 Rc8 15. Nb3 Be4 16. Qc1 Qe7 17. Nfd4 Bxc5 18. Nxc5 Rxc5 19. Qd2 Bxg2 20. Kxg2 Rd8 21.
Qa5 e5 22. Nb3 Rc6 23. Rfd1 Rdc8 24. Rac1 Qb7 25. Kg1 h5 26. Rd8+ Kh7 27. Rxc6 Qxc6 28. Rxc8 Qxc8 29. Qd2 Qc6 30. Qd3+ g6 31. h3 Ne4 32.
Qd1 Ng5 33. Nd2 Qd5 34. Kf1 Nxh3 35. Ke2 Ng5 36. Qf1 e4 37. Qh1 Qxa2 38. Qg2 Qxb2 0-1

[Event "*** Titled Tuesday Blitz"]
[Site "Chess.com"]
[Date "2020.05.12"]
[Round "8"]
[White "GOGIEFF"]
[Black "Chepaschess"]
[Result "0-1"]
[WhiteElo "2940"]
[BlackElo "2781"]
[TimeControl "180+1"]
[EndTime "11:32:31 PDT"]
[Termination "Chepaschess won by resignation"]

1. d4 Nf6 2. c4 g6 3. Nc3 d5 4.
cxd5 Nxd5 5. e4 Nxc3 6. bxc3 Bg7 7. Bc4 c5 8. Ne2 Nc6 9. Be3 O-O 10. O-O Bg4 11.
f3 Bd7 12. Rb1 cxd4 13. cxd4 a6 14. Qd2 Na5 15. Bd3 Bb5 16. Bxb5 axb5 17. Rxb5 Nc4 18.
Qd3 Nxe3 19. Qxe3 Rxa2 20. Rxb7 Qa8 21. Rfb1 Qa6 22. Ng3 Qc4 23. Qb3 Qxd4+ 24. Kh1 Qf2 25. Rg1 Bd4 26. Qb1 Qxg1+ 27. Qxg1 Bxg1 28. Kxg1 Rd8 29. h4 Rd1+ 30. Kh2 Rdd2 31. Kh3 Rxg2 32. h5 e6 33. h6 Rh2+ 34. Kg4 Rxh6 35. e5 Ra4+ 36. Kg5 Rh3 37. Ne4 Rh5+ 38. Kf6 Rf5+ 39. Ke7 Rxe4 40.
fxe4 Rf4 0-1

[Event "*** Titled Tuesday Blitz"]
[Site "Chess.com"]
[Date "2020.05.12"]
[Round "8"]
[White "Nikolaj_6"]
[Black "UmutErdemGunduz"]
[Result "1-0"]
[WhiteElo "2564"]
[BlackElo "2391"]
[TimeControl "180+1"]
[EndTime "11:32:31 PDT"]
[Termination "Nikolaj_6 won on time"]

1. e4 e5 2. Nf3 Nc6 3. Bb5 a6 4. Ba4 Nf6 5. O-O Be7 6. Re1 b5 7. Bb3 O-O 8. c3 d5 9. exd5 Nxd5 10. Nxe5 Nxe5 11. Rxe5 c6 12. d3 Bd6 13. Re1 Qh4 14. g3 Qh3 15. Re4 Be6 16. Nd2 Rae8 17. Rh4 Qf5 18. d4 h6 19. Bc2 Qf6 20. Ne4 Qe7 21.
Nxd6 Qxd6 22. Qd3 f5 23. Bd2 Bd7 24. a4 g5 25. Rh5 Qg6 26. g4 Re4 27. f3 Nf4 28.
Bxf4 Rxf4 29. Re1 Qg7 30. h4 fxg4 31. hxg5 gxf3 32. Bb3+ Kh8 33. Kf2 R4f6 34. Reh1 1-0

[Event "*** Titled Tuesday Blitz"]
[Site "Chess.com"]
[Date "2020.05.12"]
[Round "8"]
[White "mirochka"]
[Black "davigator"]
[Result "0-1"]
[WhiteElo "2175"]
[BlackElo "2373"]
[TimeControl "180+1"]
[EndTime "11:32:31 PDT"]
[Termination "davigator won on time"]

1. e4 c5 2. b4 cxb4 3. a3 bxa3 4. d4 d6 5. Nxa3 Nf6 6. Bd3 e6 7.
f4 Be7 8. Nf3 O-O 9. O-O b6 10.
e5 Nd5 11. c4 Nb4 12. Be4 d5 13. cxd5 Nxd5 14. Ng5 h6 15. Qh5 Nc6 16. Nb5 a6 17.
Ba3 Ncb4 18. Nd6 Bxd6 19. exd6 Rb8 20. Bxd5 Nxd5 21. d7 Qxd7 22. Bxf8 Kxf8 23. Ne4 Ne3 24. Rf3 Qxd4 25. Qe5 Qxe5 26. fxe5 Nf5 27. g4 Nh4 28. Rd3 Bb7 29. Re1 Ng6 30. Nd6 Bd5 31. Rc3 Rd8 32. Rc7 Ne7 33. Rf1 f5 34. gxf5 Nxf5 35. Rf7+ Kg8 36. Nxf5 exf5 0-1

[Event "*** Titled Tuesday Blitz"]
[Site "Chess.com"]
[Date "2020.05.12"]
[Round "8"]
[White "GreatOwl02"]
[Black "C_K_G"]
[Result "0-1"]
[WhiteElo "2331"]
[BlackElo "2049"]
[TimeControl "180+1"]
[EndTime "11:32:31 PDT"]
[Termination "C_K_G won by checkmate"]

1. d4 d5 2. c4 e6 3. Nf3 Nf6 4. Nc3 c6 5. e3 Bd6 6. Qc2 Nbd7 7. Bd3 O-O 8. O-O h6 9. b3 e5 10. cxd5 cxd5 11. dxe5 Nxe5 12. Nxe5 Bxe5 13. h3 Bxh3 14. gxh3 Rc8 15. Bb2 Ne4 16. Bxe4 dxe4 17. f4 exf3 18.
Rxf3 Qg5+ 19. Kh1 Rc6 20. Qd2 Rd8 21. Qe1 Rd3 22. Rc1 Qh5 23. Qe2 Rcd6 24. Rc2 Bxc3 25. Bxc3 Rd1+ 26. Be1 Rxe1+ 27. Qxe1 Qxf3+ 28. Kh2 Rd1 29.
Qf2 Rh1# 0-1

[Event "*** Titled Tuesday Blitz"]
[Site "Chess.com"]
[Date "2020.05.12"]
[Round "8"]
[White "Milchone1"]
[Black "chesslh19"]
[Result "1-0"]
[WhiteElo "2471"]
[BlackElo "2186"]
[TimeControl "180+1"]
[EndTime "11:32:31 PDT"]
[Termination "Milchone1 won by resignation"]

1. Nf3 Nf6 2. c4 e6 3. g3 d5 4. Bg2 dxc4 5. O-O Be7 6. Qa4+ Nbd7 7. Qxc4 O-O 8. a4 c5 9. d3 Nb6 10. Qc2 Nbd5 11. a5 Rb8 12. Nc3 b5 13. axb6 axb6 14.
Bd2 Bb7 15. Nxd5 Bxd5 16. e4 Bb7 17. Bc3 Ra8 18. b3 Qc7 19. Nd2 Rfd8 20. Nc4 Nd7 21.
f4 Bc6 22. e5 Qb7 23. Bxc6 Qxc6 24. Qg2 Qxg2+ 25. Kxg2 Nf8 26. Nxb6 Rxa1 27. Rxa1 Rxd3 28. Rc1 g5 29. Rc2 Ng6 30. fxg5 Bxg5 31. Nc4 h5 32. Kf2 h4 33. Ke2 Rd8 34. Ra2 hxg3 35. hxg3 Ne7 36.
Ra5 Rb8 37. Rxc5 Rxb3 38. Nd6 Nf5 39. Nxf5 exf5 40. Kd3 f4 41. gxf4 Bxf4 42. Ke4 Bg5 43. Kf5 Be3 44. Rc8+ Kh7 45. Kf6 Rb7 46. Rf8 Bh6 47.
Rxf7+ Rxf7+ 48. Kxf7 Bg5 49. e6 Kh6 50. Bf6 Bf4 51.
e7 1-0

[Event "*** Titled Tuesday Blitz"]
[Site "Chess.com"]
[Date "2020.05.12"]
[Round "8"]
[White "AnishGiri"]
[Black "Raja3401"]
[Result "1-0"]
[WhiteElo "3032"]
[BlackElo "2782"]
[TimeControl "180+1"]
[EndTime "11:32:32 PDT"]
[Termination "AnishGiri won by resignation"]

1. e4 c5 2. Nf3 d6 3. Bb5+ Bd7 4. c4 Nf6 5. Nc3 g6 6. O-O Bg7 7. d4 cxd4 8. Qxd4 O-O 9. Bxd7 Nbxd7 10. Qd3 Rc8 11. h3 a6 12. Bd2 Qc7 13. b3 Nc5 14. Qe2 Qc6 15. Rae1 b5 16. cxb5 axb5 17. Nd4 Qb7 18.
Ndxb5 Ncxe4 19. Nxe4 Nxe4 20. Qxe4 Qxb5 21. Qxe7 Rc2 22.
Qxd6 Rxa2 23. b4 Qb8 24. Bf4 Qxd6 25. Bxd6 Rd8 26. Bc5 Bf8 27. Ra1 Rc2 28. Rfc1 Rb2 29. Rab1 Ra2 30. Be3 Rb8 31. b5 f5 32. b6 Rb7 33.
Rc7 Rxc7 34. bxc7 Rc2 35. Rc1 1-0

[Event "*** Titled Tuesday Blitz"]
[Site "Chess.com"]
[Date "2020.05.12"]
[Round "8"]
[White "Gabrielian_Artur"]
[Black "Zakaryan_David"]
[Result "1/2-1/2"]
[WhiteElo "2705"]
[BlackElo "2532"]
[TimeControl "180+1"]
[EndTime "11:32:32 PDT"]
[Termination "Game drawn by agreement"]

1. e4 c6 2. d4 d5 3. exd5 cxd5 4. Bd3 Nc6 5. c3 Qc7 6. Ne2 Nf6 7. Bf4 Qd8 8. O-O g6 9. Nd2 Bg7 10. Nf3 O-O 11. Re1 Nh5 12. Bd2 Bg4 13. Ng3 Nxg3 14. hxg3 e5 15. dxe5 Nxe5 16. Be2 Nxf3+ 17. Bxf3 Bxf3 18.
Qxf3 Qb6 19. Rab1 d4 20. c4 Qa6 21. Qd3 Rfe8 22. a3 h5 23. Rxe8+ Rxe8 24. Re1 Rxe1+ 25. Bxe1 f5 26. f3 Qe6 27. Bf2 Qe5 28. Kf1 a6 29. b4 Kh7 30. Qe2 Qd6 31. Qd3 Qe5 32. a4 Qd6 33. b5 Qc5 34. Be1 Qe5 35. bxa6 bxa6 36.
Bf2 Qc5 37. Be1 Qe5 38. Bf2 Qc5 1/2-1/2

[Event "*** Titled Tuesday Blitz"]
[Site "Chess.com"]
[Date "2020.05.12"]
[Round "8"]
[White "giantslayer83"]
[Black "Gerodot71"]
[Result "1-0"]
[WhiteElo "2689"]
[BlackElo "2396"]
[TimeControl "180+1"]
[EndTime "11:32:32 PDT"]
[Termination "giantslayer83 won by resignation"]

1. d4 Nf6 2. Bg5 Ne4 3. Bf4 c5 4. f3 Nf6 5. d5 e6 6. e4 exd5 7. exd5 d6 8. Nc3 Be7 9. Qd2 O-O 10. g4 Na6 11. h4 Rb8 12. h5 Nc7 13. g5 Nfe8 14.
Bd3 c4 15. Be4 f5 16. gxf6 Nxf6 17. O-O-O b5 18. h6 g6 19. Nge2 b4 20. Nb1 b3 21.
axb3 cxb3 22. c3 Ba6 23. Nd4 Nxe4 24. fxe4 Bb7 25. Rdg1 Bf6 26. Bg5 Bxg5 27. Rxg5 Qf6 28. Qg2 Rbe8 29. Nd2 a5 30. N4xb3 a4 31. Nd4 a3 32.
bxa3 Ra8 33. Rf1 Qe7 34. Rxf8+ Qxf8 35. Kb2 Rb8 36. Kc2 Ra8 37. Nc4 Ba6 38. Nb6 Re8 39.
Nf5 Kh8 40. Nd7 Qf7 41. Nxd6 Qxd7 42. Nxe8 Qxe8 43. Qf3 Kg8 44. Kd2 Qe6 45. dxe6 1-0

[Event "*** Titled Tuesday Blitz"]
[Site "Chess.com"]
[Date "2020.05.12"]
[Round "8"]
[White "Caterpiller35"]
[Black "GameOverBro"]
[Result "0-1"]
[WhiteElo "2357"]
[BlackElo "2502"]
[TimeControl "180+1"]
[EndTime "11:32:32 PDT"]
[Termination "GameOverBro won by resignation"]

1. d4 d6 2. e4 Nf6 3. Nc3 e5 4.
Nf3 Nbd7 5. Bc4 Be7 6. O-O h6 7. Qe2 c6 8. Rd1 Qc7 9. a4 Nf8 10. b3 Ng6 11. Ba3 O-O 12. dxe5 dxe5 13. Bxe7 Qxe7 14.
a5 Nh5 15. Qd3 Nh4 16. Nxh4 Qxh4 17. g3 Qg5 18. h4 Qg6 19. Qd6 Qxd6 20. Rxd6 Bg4 21.
Kg2 Rfd8 22. Rxd8+ Rxd8 23. f3 Rd2+ 24. Ne2 Be6 25. Bxe6 Rxe2+ 26. Kh3 fxe6 27. a6 bxa6 28. Rxa6 Rxc2 29. Rxa7 c5 30. Re7 Rc3 31. Rxe6 Rxf3 32. Kg4 Rxg3+ 33. Kxh5 Kh7 34. Re7 Rg1 35. Rc7 Rg2 36.
Re7 Rg3 37. Rc7 Rxb3 38. Rxc5 Rg3 39. Rc7 Re3 40. Kg4 Rxe4+ 41. Kf5 Rxh4 42. Kxe5 h5 43.
Kf5 Rg4 44. Ra7 Rg1 45. Ra4 g6+ 46. Kf6 Kh6 47. Ra8 Rf1+ 48. Ke5 h4 49. Ke4 Kg5 50. Ke3 Kg4 51. Rh8 g5 52. Ke2 Rf7 0-1

[Event "*** Titled Tuesday Blitz"]
[Site "Chess.com"]
[Date "2020.05.12"]
[Round "8"]
[White "Skatchkov_V"]
[Black "MFBerna"]
[Result "1-0"]
[WhiteElo "2557"]
[BlackElo "2390"]
[TimeControl "180+1"]
[EndTime "11:32:33 PDT"]
[Termination "Skatchkov_V won by checkmate"]

1. d4 d5 2. c4 dxc4 3. e4 e5 4. Nf3 exd4 5. Bxc4 Nc6 6. O-O Be7 7. Qb3 Na5 8.
Bxf7+ Kf8 9. Qa4 Kxf7 10. Qxa5 c5 11. Qb5 Qb6 12. Qd3 Nf6 13. Nbd2 Re8 14. e5 Nd5 15. Qxh7 Qg6 16. e6+ Qxe6 17. Re1 Qf5 18. Ne5+ Kf6 19.
Ne4+ Kxe5 20. Ng3+ Kf6 21. Nxf5 Bxf5 22. Bg5+ Kxg5 23. Qxg7+ Bg6 24. h4+ Kh5 25. Re5+ Kxh4 26. Qxg6 Rg8 27. Rh5# 1-0

[Event "*** Titled Tuesday Blitz"]
[Site "Chess.com"]
[Date "2020.05.12"]
[Round "8"]
[White "Parkas"]
[Black "ChessQueen"]
[Result "1-0"]
[WhiteElo "2423"]
[BlackElo "2599"]
[TimeControl "180+1"]
[EndTime "11:32:33 PDT"]
[Termination "Parkas won by resignation"]

1. e4 c6 2. d4 d5 3. f3 dxe4 4.
fxe4 e5 5. Nf3 exd4 6. Bc4 Bb4+ 7. c3 dxc3 8. Bxf7+ Ke7 9. Qb3 Qb6 10. bxc3 Ba5 11. Bxg8 Qxb3 12. Bxb3 h6 13. Ba3+ Kd8 14. Nbd2 Nd7 15.
O-O-O Bxc3 16. Nc4 b5 17. Nce5 Kc7 18. Nxc6 Bb7 19.
Nb4 Rac8 20. Nd5+ Bxd5 21. Rxd5 Nb6 22. Rxb5 Kb7 23. Kb1 Rhd8 24. Bd5+ Ka6 25. Rb3 Nxd5 26. exd5 Rxd5 27. Rc1 Rb5 28. Rxb5 Kxb5 29. Bb2 Kb4 30. Bxc3+ Rxc3 31. Rxc3 Kxc3 32. Nh4 1-0

[Event "*** Titled Tuesday Blitz"]
[Site "Chess.com"]
[Date "2020.05.12"]
[Round "8"]
[White "kleopl"]
[Black "mmaks007"]
[Result "1-0"]
[WhiteElo "2410"]
[BlackElo "2244"]
[TimeControl "180+1"]
[EndTime "11:32:33 PDT"]
[Termination "kleopl won by resignation"]

1. c4 g6 2. Nc3 Bg7 3. g3 d6 4. Bg2 e5 5. e4 Nc6 6. Nge2 f5 7. O-O Nf6 8. d3 O-O 9. Rb1 h6 10. b4 g5 11. b5 Ne7 12. exf5 Nxf5 13. a4 Rb8 14. Nd5 Be6 15. Nec3 Ne7 16. Nxf6+ Bxf6 17. Be3 b6 18. a5 Nf5 19. axb6 axb6 20. Nd5 Nxe3 21.
fxe3 Bg7 22. Ra1 Kh8 23. Ra7 Bxd5 24. Bxd5 Rxf1+ 25. Qxf1 Qe7 26. Qf5 Rf8 27. Ra8 Rxa8 28. Bxa8 Kg8 29. Bd5+ Kh8 30. Be4 Kg8 31. Bd5+ Kh8 32.
Qc8+ Bf8 33. Kg2 Kg7 34. h3 Kh8 35. Qf5 Bg7 36. Qg6 Qf8 37. Be4 Kg8 38. Qe6+ Kh8 39. Qd7 h5 40. Qxc7 g4 41. hxg4 hxg4 42. Qd7 1-0

[Event "*** Titled Tuesday Blitz"]
[Site "Chess.com"]
[Date "2020.05.12"]
[Round "8"]
[White "mikolka1985"]
[Black "Jumbo"]
[Result "0-1"]
[WhiteElo "2626"]
[BlackElo "2831"]
[TimeControl "180+1"]
[EndTime "11:32:34 PDT"]
[Termination "Jumbo won on time"]

1. d4 d5 2. c4 e6 3. Nc3 Nf6 4. cxd5 exd5 5. Bg5 Be7 6. e3 c6 7. Bd3 Nbd7 8. Nge2 O-O 9. Qc2 Re8 10. O-O Nf8 11.
a3 a5 12. Rae1 g6 13. Rb1 Ne6 14. Bh4 b5 15. Bg3 Nh5 16. Be5 f6 17. Bg3 Nxg3 18. Nxg3 f5 19. Nce2 Bd7 20. a4 bxa4 21. Qxa4 Bb4 22.
Qa2 h5 23. Rfd1 h4 24. Nf1 Kg7 25. h3 Qf6 26. b3 f4 27. exf4 Nxf4 28. Nxf4 Qxf4 29.
Qc2 Qg5 30. Kh1 Re7 31. Nh2 Rf8 32. Nf3 Qh5 33. Ne5 Be8 34. Rf1 Rf4 35. Rbd1 Qg5 36. Ng4 Kh7 37. Qc1 Rxg4 38. hxg4 Qxg4 0-1

[Event "*** Titled Tuesday Blitz"]
[Site "Chess.com"]
[Date "2020.05.12"]
[Round "8"]
[White "Biranidun"]
[Black "Radzio1987"]
[Result "0-1"]
[WhiteElo "2701"]
[BlackElo "2889"]
[TimeControl "180+1"]
[EndTime "11:32:35 PDT"]
[Termination "Radzio1987 won on time"]

1. e4 c6 2. d4 d5 3. e5 Bf5 4. h4 h5 5. Bd3 Bxd3 6. Qxd3 Qa5+ 7. Nd2 e6 8. Nf3 Nh6 9. c4 dxc4 10. Qxc4 Qa6 11. Qxa6 Nxa6 12. a3 Nf5 13. Nb3 Nc7 14.
Ke2 a5 15. Bd2 a4 16. Na5 O-O-O 17. Bc3 Nb5 18. Rhd1 Be7 19. g3 Kc7 20. Nc4 b6 21.
Rac1 Rd7 22. Ne3 Rhd8 23. Nxf5 exf5 24. Ke3 Kb7 25. Ke2 Nc7 26. Bd2 Ne6 27. Be3 Rd5 28. Rc4 b5 29. Rcc1 g6 30. Rd2 Rc8 31. Rdc2 f6 32.
Rd2 Bd8 33. Rcd1 Rc7 34. Bf4 Rcd7 35. Ke3 g5 36. hxg5 fxg5 37. Rh1 gxf4+ 38. gxf4 Rh7 39. Rdd1 Rdd7 40. Rh3 Nc7 0-1

[Event "*** Titled Tuesday Blitz"]
[Site "Chess.com"]
[Date "2020.05.12"]
[Round "8"]
[White "SergioGarciaFuentes"]
[Black "Stronger1799"]
[Result "0-1"]
[WhiteElo "2158"]
[BlackElo "2314"]
[TimeControl "180+1"]
[EndTime "11:32:35 PDT"]
[Termination "Stronger1799 won by resignation"]

1. Nf3 Nf6 2. g3 g6 3. b3 Bg7 4.
Bb2 O-O 5. Bg2 d6 6. d4 Nbd7 7. Nbd2 e5 8. dxe5 Ng4 9. Nc4 Ngxe5 10. Nfxe5 Nxe5 11. Nxe5 dxe5 12. Qxd8 Rxd8 13. Rd1 Bf5 14. Bxb7 Bxc2 15. Rc1 Rab8 16. Bg2 Bf5 17. Rxc7 Rbc8 18. Rxc8 Rxc8 19. O-O Rc2 20. Ba3 Rxe2 21. Rd1 h6 22.
Bc5 Rxa2 23. h3 Be6 24. b4 f5 25. Rd6 Kf7 26. Rc6 a6 27. Rc7+ Kg8 28. Ra7 e4 29.
Kh2 Bc4 30. b5 Bxb5 31. g4 Be5+ 32. Kg1 Ra1+ 0-1

[Event "*** Titled Tuesday Blitz"]
[Site "Chess.com"]
[Date "2020.05.12"]
[Round "8"]
[White "DishonorOnYourCow"]
[Black "vovachesss"]
[Result "0-1"]
[WhiteElo "2337"]
[BlackElo "2607"]
[TimeControl "180+1"]
[EndTime "11:32:36 PDT"]
[Termination "vovachesss won on time"]

1. d4 Nf6 2. c4 e5 3. dxe5 Ng4 4. Bf4 Nc6 5. Nf3 Bb4+ 6. Nbd2 Qe7 7. e3 O-O 8. a3 Bxd2+ 9. Qxd2 Ngxe5 10. Be2 d6 11.
O-O Bf5 12. h3 Rad8 13. b4 Nxf3+ 14. Bxf3 Be4 15. Bxe4 Qxe4 16. Rac1 Rfe8 17. Rfd1 Re6 18. Bg3 Rde8 19. Qc3 h5 20. b5 Ne7 21. c5 Nf5 22. cxd6 cxd6 23. Qc4 Nxg3 24. fxg3 Qxe3+ 25. Kh2 Rg6 26. Rc3 Qe5 27. Rcd3 Ree6 28. Qf4 Qxb5 29.
Rxd6 Rxd6 30. Rxd6 Kh7 31. Rd8 a5 32. Qb8 Rf6 33. Rh8+ Kg6 34. Qc8 b6 35. Qc2+ Qf5 36.
Qc4 Re6 37. Rb8 Kh7 38. Qd4 Qf6 39. Qd5 Kg6 40. Qd3+ Qf5 41. Qd7 h4 42. Qc7 Re5 43. Rb7 hxg3+ 44. Kxg3 Qg5+ 45. Kh2 Qf4+ 0-1

[Event "*** Titled Tuesday Blitz"]
[Site "Chess.com"]
[Date "2020.05.12"]
[Round "8"]
[White "NotFischer"]
[Black "pawel83"]
[Result "0-1"]
[WhiteElo "2128"]
[BlackElo "2364"]
[TimeControl "180+1"]
[EndTime "11:32:36 PDT"]
[Termination "pawel83 won on time"]

1. Nf3 Nf6 2. g3 g6 3. Bg2 Bg7 4. d4 O-O 5. O-O d6 6. c4 Nc6 7. Nc3 e5 8. h3 Re8 9. e4 Nxd4 10.
Nxd4 exd4 11. Qxd4 Nxe4 12. Qd3 Nxc3 13. bxc3 Qf6 14.
Bd2 Rb8 15. a4 Bf5 16. Qf3 Be4 17. Qxf6 Bxf6 18. Rfe1 Bd3 19. c5 Rxe1+ 20. Rxe1 dxc5 21. Bf4 b6 22. Bxc7 Rc8 23. Be5 Re8 24. f4 Bxe5 25.
fxe5 Kg7 26. Bc6 Re7 27. Kf2 f6 28. exf6+ Kxf6 29. Rd1 Re2+ 30. Kf3 c4 31. a5 h5 32. axb6 axb6 33. Ra1 Re6 34. Bd5 Rd6 35. Bb7 Bf5 36.
Ra6 Rd3+ 37. Kf2 Rd6 38. h4 Ke5 39. Ke3 b5 40. Ra5 Rd3+ 41. Kf2 Bd7 42. Ba6 Rxc3 43. Bxb5 Rc2+ 44. Ke3 Rc3+ 45. Kd2 Rd3+ 46. Kc2 Rd5 0-1

[Event "*** Titled Tuesday Blitz"]
[Site "Chess.com"]
[Date "2020.05.12"]
[Round "8"]
[White "grandcoach"]
[Black "talaicito"]
[Result "0-1"]
[WhiteElo "2030"]
[BlackElo "2242"]
[TimeControl "180+1"]
[EndTime "11:32:36 PDT"]
[Termination "talaicito won on time"]

1. e4 e6 2. Nf3 d5 3. e5 c5 4. b4 b6 5. c3 a5 6. b5 d4 7. cxd4 cxd4 8. Bb2 Bc5 9. Bd3 Bb7 10. O-O Ne7 11. Qa4 Bxf3 12. gxf3 Nd7 13. Bxd4 Ng6 14. Be4 Ngxe5 15. Nc3 f5 16. Bc6 O-O 17. Rfe1 Ng6 18. Qc4 Bxd4 19. Qxd4 Nc5 20. Qxd8 Raxd8 21. Rad1 Rd3 22.
Re3 Rd4 23. Ne2 Ra4 24. d4 Rd8 25. Nc3 Raxd4 26. Rxd4 Rxd4 27. Ne2 Ra4 28. Nc3 Rc4 29. a4 Kf7 0-1

[Event "*** Titled Tuesday Blitz"]
[Site "Chess.com"]
[Date "2020.05.12"]
[Round "8"]
[White "Konovalova_Vera"]
[Black "Xtrmntr78"]
[Result "1-0"]
[WhiteElo "2105"]
[BlackElo "2351"]
[TimeControl "180+1"]
[EndTime "11:32:36 PDT"]
[Termination "Konovalova_Vera won on time"]

1. d4 f5 2. c4 Nf6 3. Bg5 Ne4 4. Bf4 d6 5. Nc3 g6 6. e3 Bg7 7. Nh3 c5 8. Nxe4 fxe4 9. Ng5 Qa5+ 10. Qd2 Qxd2+ 11.
Kxd2 cxd4 12. Nxe4 O-O 13. Rb1 Bf5 14. Bd3 Nc6 15. a3 Rad8 16. Ng5 dxe3+ 17. Bxe3 Bxd3 18. Kxd3 Rc8 19. b3 b5 20. Ke2 bxc4 21. bxc4 Ne5 22. Rb7 Nxc4 23. Ne6 Rf7 24. Bxa7 Ne5 25. Rb8 Rxb8 26.
Bxb8 Nc6 27. Rc1 Nd4+ 28. Nxd4 Bxd4 29. Rc8+ 1-0

[Event "*** Titled Tuesday Blitz"]
[Site "Chess.com"]
[Date "2020.05.12"]
[Round "8"]
[White "SamuelGhimpu2003"]
[Black "Mizner"]
[Result "1-0"]
[WhiteElo "2715"]
[BlackElo "2526"]
[TimeControl "180+1"]
[EndTime "11:32:37 PDT"]
[Termination "SamuelGhimpu2003 won on time"]

1. e4 e6 2. f4 d5 3. e5 c5 4. Nf3 Nc6 5. c3 d4 6. Bd3 Nge7 7. Na3 Nd5 8. g3 dxc3 9. dxc3 Be7 10. O-O O-O 11. Qe2 b6 12. Rd1 Qc7 13. Nb5 Qb8 14. Be4 Bb7 15. c4 Ndb4 16. a3 Na6 17. Rd7 Rd8 18.
Bxc6 Bxc6 19. Rxe7 Kf8 20. Rxf7+ Kxf7 21. Ng5+ Kg8 22.
Nxe6 Rd7 23. Be3 Qb7 24. Nd6 Rxd6 25. exd6 Qd7 26. Qg4 Re8 27. f5 Ba8 28. Bh6 g6 29.
fxg6 Kh8 30. g7+ Kg8 31. Rf1 1-0

[Event "*** Titled Tuesday Blitz"]
[Site "Chess.com"]
[Date "2020.05.12"]
[Round "8"]
[White "AndrewDGreen"]
[Black "GM_LOADING"]
[Result "1-0"]
[WhiteElo "2296"]
[BlackElo "2441"]
[TimeControl "180+1"]
[EndTime "11:32:37 PDT"]
[Termination "AndrewDGreen won by resignation"]

1. e4 e6 2. Nf3 d5 3. Nc3 Nf6 4.
e5 Nfd7 5. d4 c5 6. dxc5 Nc6 7.
Bf4 Bxc5 8. Bd3 a6 9. O-O Qc7 10.
Re1 h6 11. Bg3 Be7 12. Nxd5 exd5 13. e6 Qb6 14. exd7+ Bxd7 15. Ne5 Be6 16. Qe2 Nd4 17. Qe3 Bc5 18. Qf4 O-O 19. c3 Nc6 20. Nxc6 bxc6 21. b4 Be7 22. Qc7 Qxc7 23. Bxc7 Rfc8 24. Be5 c5 25. a3 Bf8 26. Rac1 Bd7 27. h4 a5 28. Rb1 f6 29. Bf4 d4 30. Bc4+ Kh8 31. Bd5 Ra7 32. b5 Rd8 33. b6 Ra6 34. b7 1-0

[Event "*** Titled Tuesday Blitz"]
[Site "Chess.com"]
[Date "2020.05.12"]
[Round "8"]
[White "elohunter1999"]
[Black "rasmussvane"]
[Result "0-1"]
[WhiteElo "2576"]
[BlackElo "2882"]
[TimeControl "180+1"]
[EndTime "11:32:38 PDT"]
[Termination "rasmussvane won on time"]

1. e4 c6 2. d4 d5 3. e5 Bf5 4. Nf3 e6 5. Be2 Ne7 6. O-O Ng6 7. c3 Nd7 8. a4 f6 9. exf6 Qxf6 10. Bg5 Qf7 11. Nh4 Bd6 12. Nd2 O-O 13. Nxf5 Qxf5 14.
Nf3 e5 15. dxe5 Ndxe5 16. Be3 Ng4 17. Bd3 Qh5 18. h3 Nxe3 19. fxe3 Rae8 20. e4 Nf4 21. exd5 Nxh3+ 22. gxh3 Qxh3 23. Rf2 Bc5 24. Nd4 Rxf2 25. Kxf2 Qh2+ 26. Kf3 Bxd4 27. Bxh7+ Kxh7 28. Qxd4 Rf8+ 29. Ke3 Qf2+ 30. Kd3 Rf3+ 31. Kc4 Rf4 32. Rh1+ Kg8 33. dxc6 Rxd4+ 34. cxd4 Qc2+ 35. Kb4 Qxb2+ 0-1